Map: Jagannatha LE

Players

RotterdaM

  • Race: Protoss Protoss
  • League: Grandmaster
  • Spawn Location: 7:00

SouLeer - Winner!

  • Race: Zerg Zerg
  • League: Grandmaster
  • Spawn Location: 1:00

Event: DreamHack SC2 Masters 2020 Winter

VOD

Have the link to the VOD?

Description

Time

  • Played on: Oct. 16, 2020, 2:32 p.m.
  • Length: 19:08

All games in this series

Show
View Real Time Build Order
Export as new Build Order

RotterdaM Protoss 

Build Orders: Nexus First, Phoenix Opening, Carriers 

Get SALT Encoding   

  12  0:00  Probe  
  13  0:12  Probe  
  14  0:19  Pylon  
  14  0:24  Probe (Chrono Boost)  
  15  0:37  Probe (Chrono Boost)  
  16  0:45  Probe (Chrono Boost)  
  17  0:51  Probe  
  18  1:05  Nexus  
  18  1:17  Gateway  
  18  1:19  Probe  
  19  1:28  Assimilator  
  19  1:31  Probe  
  20  1:34  Assimilator  
  20  1:43  Probe (Chrono Boost)  
  20  1:46  Pylon  
  22  1:54  Probe (Chrono Boost)  
  22  1:59  Probe (Chrono Boost)  
  23  2:07  Cybernetics Core, Zealot  
  25  2:10  Probe (Chrono Boost)  
  26  2:21  Probe x2 (Chrono Boost)  
  28  2:28  Probe (Chrono Boost)  
  28  2:29  Probe (Chrono Boost)  
  30  2:33  Probe (Chrono Boost)  
  32  2:37  Probe  
  32  2:44  Stargate  
  32  2:45  Probe  
  32  2:47  Shield Battery  
  33  2:51  Adept  
  33  2:54  Probe  
  33  2:57  Probe  
  37  3:01  Assimilator  
  37  3:05  Pylon  
  37  3:11  Probe  
  37  3:12  Probe  
  39  3:18  Void Ray (Chrono Boost)  
  39  3:19  Protoss Air Weapons Level 1 (Chrono Boost)  
  39  3:23  Probe  
  39  3:24  Probe  
  41  3:33  Pylon  
  45  3:35  Probe  
  45  3:38  Probe  
  45  3:40  Assimilator  
  47  3:44  Forge  
  47  3:47  Probe  
  48  3:50  Probe  
  48  3:52  Phoenix (Chrono Boost)  
  51  3:59  Probe  
  51  4:02  Probe  
  53  4:07  Fleet Beacon  
  53  4:11  Probe  
  53  4:14  Phoenix  
  57  4:17  Probe  
  57  4:24  Probe  
  58  4:31  Nexus  
  58  4:33  Pylon  
  58  4:37  Pylon  
  58  4:41  Phoenix  
  58  4:45  Probe  
  61  4:50  Stargate  
  61  4:51  Probe  
  62  4:56  Photon Cannon  
  62  4:59  Probe  
  63  5:03  Probe  
  63  5:06  Phoenix  
  66  5:10  Shield Battery  
  66  5:11  Probe  
  66  5:13  Assimilator  
  67  5:16  Assimilator, Probe  
  68  5:26  Protoss Air Weapons Level 2 (Chrono Boost), Probe (Chrono Boost)  
  68  5:28  Probe (Chrono Boost)  
  70  5:34  Phoenix  
  72  5:37  Stargate  
  72  5:39  Probe (Chrono Boost)  
  72  5:40  Phoenix, Probe (Chrono Boost)  
  78  5:58  Probe (Chrono Boost)  
  78  5:59  Carrier (Chrono Boost), Probe (Chrono Boost)  
  84  6:07  Photon Cannon, Pylon  
  90  6:15  Probe x2  
  92  6:20  Pylon  
  92  6:21  Probe  
  92  6:25  Carrier (Chrono Boost)  
  93  6:27  Probe  
  101  6:32  Probe  
  101  6:38  Photon Cannon, Probe  
  101  6:39  Carrier (Chrono Boost)  
  102  6:47  Pylon  
  102  6:53  Carrier (Chrono Boost)  
  102  6:57  Pylon  
  108  7:05  Stargate  
  108  7:08  Pylon  
  108  7:15  Tempest (Chrono Boost)  
  113  7:16  Photon Cannon  
  113  7:20  Photon Cannon x2  
  113  7:22  Photon Cannon  
  112  7:27  Stargate  
  116  7:51  Tempest (Chrono Boost)  
  114  7:57  Tempest (Chrono Boost)  
  116  8:01  Probe x3  
  116  8:02  Tempest (Chrono Boost)  
  90  8:13  Probe x2  
  90  8:16  Probe  
  92  8:25  Probe (Chrono Boost)  
  95  8:35  Probe x2 (Chrono Boost)  
  95  8:37  Probe (Chrono Boost)  
  96  8:47  Probe (Chrono Boost)  
  99  8:49  Probe x2 (Chrono Boost)  
  101  8:56  Probe x2 (Chrono Boost)  
  101  9:01  Probe x2 (Chrono Boost)  
  102  9:04  Probe  
  106  9:14  Probe  
  106  9:17  Probe  
  106  9:18  Probe  
  107  9:26  Probe (Chrono Boost)  
  107  9:27  Protoss Air Weapons Level 3 (Chrono Boost)  
  110  9:33  Probe (Chrono Boost)  
  110  9:36  Phoenix, Probe (Chrono Boost)  
  110  9:37  Phoenix  
  110  9:38  Probe (Chrono Boost)  
  115  9:43  Probe (Chrono Boost)  
  115  9:45  Probe (Chrono Boost)  
  117  9:50  Pylon  
  117  9:54  Pylon  
  117  9:55  Pylon  
  117  10:00  Robotics Facility  
  117  10:08  Probe  
  117  10:09  Probe  
  117  10:12  Probe  
  117  10:14  Pylon  
  126  10:15  Carrier (Chrono Boost)  
  126  10:19  Carrier (Chrono Boost)  
  132  10:23  Probe x2  
  132  10:26  Probe  
  136  10:35  Probe x2  
  136  10:37  Carrier (Chrono Boost)  
  143  10:48  Robotics Bay  
  142  11:04  Carrier (Chrono Boost)  
  140  11:12  Pylon  
  140  11:16  Pylon  
  140  11:18  Pylon x2  
  140  11:35  Robotics Bay  
  140  11:38  Disruptor (Chrono Boost)  
  134  12:07  Disruptor (Chrono Boost)  
  128  12:34  Phoenix x3 (Chrono Boost)  
  134  12:42  Robotics Facility  
  134  12:43  Disruptor (Chrono Boost)  
  134  12:45  Pylon  
  134  12:47  Phoenix (Chrono Boost)  
  141  12:55  Phoenix (Chrono Boost), Pylon  
  141  12:56  Pylon  
  141  13:03  Pylon  
  141  13:05  Phoenix (Chrono Boost)  
  134  13:26  Disruptor  
  121  14:01  Disruptor (Chrono Boost)  
  120  14:28  Pylon  
  118  14:34  Pylon, Disruptor  
  118  14:43  Pylon  
  118  14:51  Observer  
  119  15:12  Observer (Chrono Boost)  
  122  15:30  Disruptor (Chrono Boost)  
  122  15:48  Pylon  
  122  15:53  Pylon  
  122  15:59  Pylon  
  122  16:06  Phoenix, Observer  
  70  17:05  Disruptor (Chrono Boost)  
  73  17:34  Disruptor  
  61  18:09  Disruptor  
Show
View Real Time Build Order
Export as new Build Order

SouLeer Zerg - Winner!

Build Orders: Hatch First 

Get SALT Encoding   

  12  0:00  Drone  
  13  0:12  Overlord  
  13  0:16  Drone  
  14  0:31  Drone  
  15  0:45  Hatchery  
  15  0:49  Drone  
  15  1:07  Drone x3  
  18  1:22  Extractor  
  18  1:24  Drone  
  18  1:25  Spawning Pool  
  17  1:29  Drone  
  18  1:40  Drone  
  19  1:50  Drone  
  20  1:59  Drone  
  21  2:04  Drone  
  22  2:09  Drone  
  22  2:12  Queen x2  
  22  2:13  Overlord  
  27  2:19  Drone  
  28  2:32  Hatchery  
  28  2:34  Drone  
  28  2:37  Drone  
  28  2:40  Drone  
  28  2:44  Metabolic Boost  
  30  2:47  Drone  
  30  2:50  Drone  
  32  2:53  Drone  
  32  2:56  Overlord  
  33  3:03  Queen  
  36  3:05  Drone  
  36  3:14  Drone x2  
  36  3:17  Drone  
  41  3:20  Drone x2  
  41  3:21  Drone  
  41  3:26  Overlord  
  42  3:29  Drone  
  43  3:34  Overlord  
  43  3:40  Zergling x2  
  44  3:43  Queen  
  44  3:45  Drone x2  
  44  3:47  Queen  
  50  3:53  Drone x3  
  50  3:55  Overlord  
  53  3:57  Drone  
  53  3:59  Drone  
  55  4:03  Evolution Chamber  
  55  4:04  Drone  
  55  4:08  Drone x2  
  57  4:11  Overlord  
  57  4:13  Drone  
  57  4:15  Drone x2  
  60  4:18  Lair  
  60  4:19  Queen  
  60  4:22  Drone x3  
  65  4:26  Drone  
  65  4:29  Overlord  
  66  4:32  Extractor  
  66  4:33  Drone x3, Spore Crawler, Extractor  
  66  4:36  Drone x2  
  68  4:40  Zergling x6  
  68  4:43  Zerg Melee Weapons Level 1  
  71  4:46  Drone  
  71  4:48  Drone  
  73  4:53  Drone x4  
  73  4:54  Queen  
  73  4:55  Drone  
  73  4:59  Extractor, Overlord  
  78  5:00  Extractor  
  78  5:03  Drone x2  
  78  5:04  Drone x3  
  78  5:07  Drone, Spore Crawler  
  81  5:10  Overlord  
  81  5:14  Spore Crawler, Overlord  
  81  5:18  Extractor  
  81  5:20  Hydralisk Den  
  79  5:25  Drone x2  
  79  5:26  Overlord  
  79  5:27  Drone x3  
  84  5:33  Drone  
  84  5:34  Spore Crawler  
  84  5:36  Overseer  
  84  5:40  Overlord  
  84  5:43  Spore Crawler  
  84  5:44  Overlord x2  
  84  5:45  Drone  
  84  5:48  Hydralisk x4  
  89  5:50  Hydralisk  
  89  5:54  Hydralisk  
  92  5:59  Hydralisk  
  92  6:01  Nydus Network  
  92  6:02  Hydralisk  
  95  6:04  Drone  
  96  6:11  Hydralisk  
  96  6:14  Hatchery  
  96  6:16  Hydralisk x2  
  101  6:19  Hydralisk  
  101  6:21  Hydralisk  
  101  6:25  Hydralisk x2  
  105  6:31  Hydralisk x2  
  113  6:34  Hydralisk x2  
  113  6:37  Hydralisk  
  119  6:40  Hydralisk  
  119  6:43  Hydralisk  
  119  6:45  Hydralisk  
  122  6:54  Nydus Canal  
  122  6:57  Hydralisk x2  
  122  7:01  Hydralisk  
  126  7:05  Hydralisk  
  130  7:11  Hydralisk x2  
  132  7:17  Nydus Canal  
  132  7:23  Hydralisk x2  
  132  7:26  Hydralisk  
  138  7:31  Hydralisk  
  138  7:35  Hydralisk  
  136  7:38  Nydus Canal  
  136  7:40  Hydralisk  
  126  7:49  Hydralisk x2  
  122  7:57  Hydralisk x2  
  112  8:01  Hydralisk x2  
  102  8:09  Hydralisk x2  
  98  8:13  Hydralisk  
  98  8:17  Drone  
  98  8:18  Drone x14, Queen x4  
  117  8:22  Hydralisk  
  97  8:35  Drone x2  
  97  8:36  Extractor  
  97  8:38  Extractor, Zerg Missile Weapons Level 1  
  97  8:41  Grooved Spines  
  97  8:42  Spore Crawler  
  97  8:44  Spore Crawler  
  97  8:45  Spore Crawler  
  94  8:48  Hydralisk x3  
  94  8:49  Hydralisk  
  94  8:51  Hydralisk  
  94  8:55  Hydralisk  
  106  9:01  Hydralisk x2  
  110  9:09  Hydralisk x2  
  110  9:13  Hydralisk x2  
  110  9:16  Hydralisk  
  120  9:23  Overseer  
  120  9:24  Hydralisk  
  120  9:25  Queen x4  
  120  9:29  Hydralisk  
  120  9:30  Hydralisk x2  
  136  9:33  Overlord x3  
  136  9:40  Hydralisk  
  136  9:43  Drone  
  136  9:44  Drone x3  
  136  9:46  Hatchery  
  136  9:48  Overseer  
  136  9:50  Overlord  
  135  9:52  Hydralisk  
  135  9:53  Muscular Augments, Hydralisk x4  
  135  9:57  Drone  
  135  9:58  Drone x6  
  152  10:01  Hydralisk x2  
  156  10:08  Hydralisk x3  
  156  10:12  Hydralisk x2  
  166  10:16  Hydralisk  
  168  10:24  Overlord  
  168  10:29  Overlord  
  168  10:31  Nydus Canal  
  168  10:37  Overlord  
  168  10:40  Overlord x2  
  168  10:41  Zerg Missile Weapons Level 2  
  168  10:43  Hydralisk x4  
  176  10:50  Hydralisk x3  
  176  10:55  Hydralisk x5  
  192  10:59  Nydus Canal  
  192  11:01  Overlord  
  192  11:05  Hydralisk x4  
  200  11:14  Nydus Canal, Hydralisk x2  
  200  11:15  Hydralisk  
  200  11:17  Hydralisk x2  
  200  11:21  Hydralisk  
  200  11:22  Hydralisk  
  200  11:32  Nydus Canal  
  196  12:02  Queen x2  
  196  12:04  Infestation Pit  
  196  12:05  Hydralisk x2  
  197  12:17  Nydus Canal  
  197  12:18  Hydralisk x2  
  195  12:23  Hydralisk x2  
  195  12:27  Hydralisk x3  
  199  12:38  Nydus Canal  
  199  12:41  Neural Parasite  
  199  12:43  Burrow  
  199  12:51  Spore Crawler x2  
  198  12:52  Spore Crawler x2  
  198  12:53  Spore Crawler  
  198  12:54  Spore Crawler x4  
  198  12:55  Spore Crawler, Hydralisk x6  
  198  12:56  Spore Crawler x2  
  199  13:02  Spore Crawler  
  199  13:03  Spore Crawler  
  199  13:04  Spore Crawler  
  192  13:15  Hydralisk x4  
  192  13:17  Hydralisk  
  193  13:29  Hydralisk x8  
  193  13:32  Hydralisk x4  
  193  13:33  Hydralisk  
  200  13:36  Hydralisk x2  
  191  13:41  Hydralisk x4  
  197  13:50  Hydralisk x2  
  199  13:57  Hydralisk x2  
  199  13:59  Hydralisk  
  199  14:00  Hydralisk  
  199  14:14  Hydralisk x2  
  199  14:15  Spore Crawler  
  199  14:16  Spore Crawler  
  195  14:17  Spore Crawler  
  195  14:21  Hydralisk  
  195  14:22  Hydralisk x2  
  200  14:25  Hydralisk  
  200  14:33  Nydus Canal  
  200  14:36  Extractor  
  200  14:37  Drone x5  
  194  14:41  Zerg Ground Armor Level 1  
  194  14:42  Drone x4  
  194  14:43  Drone x2  
  192  14:46  Hydralisk  
  192  14:51  Spore Crawler  
  192  14:52  Hydralisk  
  195  15:13  Spore Crawler  
  194  15:15  Hydralisk  
  194  15:16  Hydralisk x2  
  194  15:19  Spore Crawler  
  191  15:24  Spore Crawler x2, Hydralisk x2  
  191  15:25  Hydralisk  
  191  15:27  Hydralisk  
  191  15:41  Spore Crawler x2  
  189  15:44  Hydralisk  
  187  15:52  Infestor x5  
  187  15:56  Infestor  
  185  16:04  Infestor x2  
  189  16:20  Hydralisk  
  189  16:21  Hydralisk x4  
  189  16:24  Hydralisk  
  177  16:32  Hydralisk x2  
  159  16:40  Hydralisk x3  
  159  16:46  Hydralisk  
  134  16:50  Hydralisk  
  120  16:55  Hydralisk  
  120  16:58  Hydralisk  
  120  17:01  Hydralisk  
  102  17:08  Hydralisk x2  
  90  17:15  Hydralisk  
  90  17:21  Hydralisk  
  92  17:23  Hydralisk  
  92  17:27  Hydralisk  
  95  17:30  Hydralisk  
  93  17:38  Hydralisk  
  93  17:41  Hydralisk  
  97  17:44  Hydralisk  
  97  17:50  Hydralisk  
  100  17:57  Hydralisk x2  
  96  18:05  Hydralisk x2  
  92  18:08  Hydralisk  
  94  18:13  Hydralisk  
  94  18:16  Hydralisk  
  98  18:21  Hydralisk  
Tags
 
Add a new tag
Caveats
  • Supply blocks, unpowered buildings, or Contaminate may cause inaccurate times.
  • Supply counts are checked every 10 seconds.